 Dungeon Crawl Stone Soup version 0.22-a0-265-g0d8bc90 (webtiles) character file.

60958 Zwobot the Lord of Darkness (level 14, 111/111 HPs)
             Began as a Mummy Necromancer on Mar 6, 2018.
             Was the Champion of Kikubaaqudgha.
             Quit the game on level 1 of the Lair of Beasts on Mar 7, 2018.
             The game lasted 02:02:21 (26559 turns).

Zwobot the Lord of Darkness (Mummy Necromancer)    Turns: 26559, Time: 02:02:21

Health: 111/111    AC: 16    Str: 15    XL:     14   Next: 58%
Magic:  31/31      EV:  9    Int: 19    God:    Kikubaaqudgha [******]
Gold:   1954       SH:  3    Dex: 22    Spells: 11/40 levels left

rFire    + . .     SeeInvis .   a - +4 quarterstaff (drain)
rCold    . . .     Gourm    .   (shield currently unavailable)
rNeg     + + +     Faith    .   P - +0 fire dragon scales
rPois    ∞         Spirit   .   s - +0 helmet
rElec    .         Reflect  +   T - +0 cloak
rCorr    .         Harm     .   (no gloves)
MR       +....                  (no boots)
Stlth    +.........             V - amulet "Abenuk" {Reflect Str+4 Dex+4 SH+3}
HPRegen  0.28/turn              i - +5 ring of dexterity
MPRegen  0.22/turn              K - +5 ring of protection

@: no status effects
A: no food or potions, fire vulnerability, cold resistance 1, negative energy
resistance 3, torment resistance, unbreathing, in touch with death 1
a: Receive Corpses, Torment, Brand Weapon With Pain, Receive Necronomicon,
Renounce Religion


You were on level 1 of the Lair of Beasts.
You worshipped Kikubaaqudgha.
Kikubaaqudgha was exalted by your worship.
You were not hungry.

You visited 4 branches of the dungeon, and saw 20 of its levels.
You also visited: Ossuary, Ice Cave and Volcano.

You collected 2214 gold pieces.
You spent 260 gold pieces at shops.

Inventory:

Hand Weapons
 a - a +4 quarterstaff of draining (weapon)
 b - a +3 flail of crushing
 d - a +0 dagger
 h - a +1 dagger of speed
 m - a +0 blowgun
 r - a +2 dagger of electrocution
 u - a +0 quarterstaff
 x - a +0 scimitar of flaming
 A - a +0 blowgun
 D - a +0 dagger of electrocution
 E - a cursed -2 morningstar
 M - a +2 whip of freezing
 S - a +2 broad axe of flaming
Missiles
 f - 547 stones (quivered)
 k - 144 poisoned needles
 o - 8 tomahawks
 p - 313 arrows
Armour
 s - a +0 helmet (worn)
 z - a +2 troll leather armour
 I - a +0 robe of magic resistance
 N - quicksilver dragon scales
 P - +0 fire dragon scales (worn)
 R - a +2 leather armour of fire resistance
 T - a +0 cloak (worn)
Jewellery
 g - an uncursed amulet of the acrobat
 i - a +5 ring of dexterity (left hand)
 y - an uncursed ring of ice
 G - an uncursed ring of protection from cold
 K - a +5 ring of protection (right hand)
 Q - an uncursed amulet of faith {unknown}
 U - an uncursed ring of flight
 V - the amulet "Abenuk" (around neck) {Reflect Str+4 Dex+4 SH+3}
   (You found it on level 6 of the Lair of Beasts)

   [amulet of reflection]

   It shields you and reflects attacks.
   It affects your strength (+4).
   It affects your dexterity (+4).
   It affects your SH (+3).
Wands
 j - a wand of flame (13)
 t - a wand of random effects (15)
 v - a wand of paralysis (17)
 w - a wand of acid (9)
 B - a wand of disintegration (13)
 H - a wand of clouds (4)
 J - a wand of enslavement (30)
Scrolls
 c - a scroll of holy word
 e - 3 scrolls of fog
 l - 3 scrolls of noise
 n - 5 scrolls of remove curse
 q - 5 scrolls of enchant armour
 C - 3 scrolls of blinking
 F - a scroll of amnesia
 L - 6 scrolls of teleportation
 O - 2 scrolls of magic mapping
 X - a scroll of fear
 Z - a scroll of identify
Miscellaneous
 W - a box of beasts
 Y - a sack of spiders


   Skills:
 - Level 10.4 Fighting
 + Level 4.3 Staves
 * Level 2.8 Armour
 - Level 1.5 Dodging
 - Level 1.5 Stealth
 + Level 13.7 Spellcasting
 - Level 3.3 Conjurations
 + Level 15.3 Necromancy
 - Level 3.3 Air Magic
 - Level 7.0 Earth Magic
 - Level 3.3 Poison Magic
 - Level 5.1 Evocations


You had 11 spell levels left.
You knew the following spells:

 Your Spells              Type           Power        Failure   Level  Hunger
a - Borgnjor's Vile Clut  Necr/Erth      ######....   7%          5    N/A
b - Animate Skeleton      Necr           N/A          1%          1    N/A
c - Vampiric Draining     Necr           #######...   1%          3    N/A
d - Animate Dead          Necr           N/A          1%          4    N/A
e - Blink                 Tloc           N/A          36%         2    N/A
f - Corpse Rot            Necr           N/A          1%          2    N/A
g - Mephitic Cloud        Conj/Pois/Air  ####....     19%         3    N/A
h - Conjure Flame         Conj/Fire      ###.....     36%         3    N/A
i - Pain                  Necr           ####         1%          1    N/A
j - Dispel Undead         Necr           #######.     1%          5    N/A

Dungeon Overview and Level Annotations

Branches:
Dungeon (12/15)            Temple (1/1) D:7            Lair (6/6) D:10
  Swamp (0/4) Lair:2        Snake (0/4) Lair:2        Slime (0/5) Lair:5
    Orc (1/2) D:11

Altars:
Ashenzari
Cheibriados
Dithmenos
Elyvilon
Fedhas
Gozag
Hepliaklqana
Kikubaaqudgha
Makhleb
Nemelex Xobeh
Okawaru
Qazlal
Ru
Sif Muna
Trog
Uskayaw
Vehumet
Wu Jian
Xom
Yredelemnul
Zin
The Shining One
Jiyva

Shops:
D:8 }   D:11 %

Annotations:
D:3 Karim's ghost, weakling GnSu; Sigmund
D:4 MordorOrchid's ghost, amateur FoFi
D:5 Amnesiac's ghost, novice FoEE
D:7 1 runed door, exclusion: black bear


Innate Abilities, Weirdness & Mutations

You do not eat or drink.
Your flesh is vulnerable to fire.
You are immune to poison.
Your flesh is cold resistant. (rC+)
You are immune to negative energy. (rN+++)
You are immune to unholy pain and torment.
You can survive without breathing.
You are in touch with the powers of death.


Message History

a ring mail; a club
There is a stone staircase leading up here.
You climb upwards.
Your mindless thrall stays behind.
There is a stone staircase leading down here.
There is an open door here.
There is an open door here.
There is an open door here.
You see here a fizzy amethyst potion.
There is a stone staircase leading up here.
You climb upwards.
There is a stone staircase leading down here.
There is an open door here.
HP restored.
There is an open door here.
There is an open door here.
Magic restored.
There is a staircase to the Lair here.
You climb downwards.
Welcome back to the Lair of Beasts!
There is a staircase back to the Dungeon here.
Are you sure you want to abandon this character and quit the game? (Confirm with "yes".)

..# #.........##..#'#'P. ..#
#.........#..%.....# ..##
#.........#.........
..P###########........(#........#
.......................#........#
...ZZ......P#....#P##..#........'
.###.#...#..#....####..#........#
## ####..+.......## #..#........#
# #...#..#...@.# #..#.######## #
##.....#....## #............ #
#...........# #....######.. #
##.....#....## #....P# #... #
#...###......###....## ##.. ##
##.....)....##.#....# #.. .#
###..######.#.........# #..
####P.#.# ###..###.#..# #.#
........# ##..# ####.# #.#


There were no monsters in sight!

Vanquished Creatures
  Nessos (Lair:5)
  4 hydras
  2 ice dragons (IceCv)
  A centaur warrior (D:12)
  A death yak (Lair:4)
  7 two-headed ogres
  A deep troll earth mage (D:12)
  Nergalle (Lair:1)
  An unseen horror (D:12)
  A wolf spider zombie (D:12)
  Pikel (D:7)
  An ugly thing (D:11)
  A salamander (Volcano)
  3 oklob plants (Lair:6)
  2 ice statues (IceCv)
  A torpor snail (Lair:4)
  2 elephants (Lair:3)
  9 black mambas
  Joseph (Lair:1)
  10 spiny frogs
  A centaur skeleton (D:12)
  2 kobold demonologists
  4 rime drakes
  4 komodo dragons
  2 trolls
  A queen bee (D:11)
  7 polar bears (Lair:6)
  A slime creature (D:12)
  7 blink frogs
  3 raiju (Lair:6)
  5 hornets
  7 hippogriffs
  A redback (Lair:6)
  11 yaks
  5 wyverns
  A wraith (D:11)
  3 basilisks
  Grum (Lair:1)
  A human (D:8)
  2 hungry ghosts
  4 wargs (Lair:6)
  2 soldier ants (D:12)
  8 hell hounds (Lair:6)
  5 porcupines
  13 water moccasins
  11 black bears
  2 orc warriors
  3 sky beasts
  A slave (D:7)
  2 necrophages
  A phantom (D:11)
  9 ice beasts
  3 ogres
  18 wolves
  4 centaurs
  7 crocodiles
  5 big kobolds
  11 bullfrogs
  A gnoll sergeant (D:11)
  2 scorpions
  29 killer bees
  7 wights
  3 electric eels
  A howler monkey (D:11)
  4 crimson imps
  A quasit (D:8)
  3 jellies
  8 orc priests
  10 orc wizards
  A bullfrog skeleton (D:10)
  3 hounds
  7 iguanas
  6 worker ants
  7 ogre zombies (D:11)
  A mummy (Ossuary)
  A worker ant zombie (D:5)
  3 gnolls (D:11)
  10 adders
  2 shadow imps
  4 oozes
  An adder skeleton (D:6)
  An adder zombie (D:5)
  4 worms
  3 dart slugs (D:1)
  11 leopard geckos
  41 orcs
  8 giant cockroaches
  7 goblins
  5 hobgoblins
  10 jackals
  29 kobolds
  2 quokkas
  A ball python (D:2)
  10 bats
  7 frilled lizards
  A goblin skeleton (D:8)
  3 goblin zombies
  A hobgoblin skeleton (D:11)
  13 hobgoblin zombies
  A jackal skeleton (D:2)
  A kobold skeleton (D:8)
  10 kobold zombies
  23 orc zombies
  A quokka skeleton (D:4)
  6 rats
  5 fungi
  4 plants
552 creatures vanquished.

Vanquished Creatures (collateral kills)
  A red draconian (Volcano)
  A hydra (Lair:6)
  Erica (D:8)
  A death yak (Lair:4)
  A salamander mystic (Volcano)
  An oklob plant (Lair:6)
  A wolf spider (Lair:6)
  5 salamanders (Volcano)
  An elephant (Lair:3)
  2 black mambas
  A guardian serpent (Lair:6)
  6 spiny frogs (Lair:6)
  2 ice devils (Lair:5)
  2 komodo dragons
  A hornet (Lair:6)
  3 polar bears (Lair:6)
  2 slime creatures (D:12)
  5 blink frogs
  A raiju (Lair:6)
  A hippogriff (Lair:1)
  A shadow (D:11)
  2 redbacks (Lair:6)
  A wraith (D:12)
  4 hogs (D:8)
  5 wyverns (Lair:6)
  12 yaks
  2 wargs (Lair:6)
  14 water moccasins
  3 hell hounds (Lair:6)
  3 porcupines
  2 black bears (Lair:6)
  A hornet zombie (D:11)
  An orc warrior (D:9)
  An eye of draining (D:12)
  7 ice beasts (IceCv)
  An ogre (D:11)
  4 wolves
  5 crocodiles
  A big kobold (D:9)
  A bullfrog (Lair:4)
  A wyvern zombie (D:8)
  2 scorpions
  6 killer bees
  A crimson imp (D:8)
  A bullfrog skeleton (D:6)
  An orc wizard (D:4)
  An ogre zombie (D:11)
  A howler monkey zombie (D:9)
  A white imp (D:8)
  A worm (D:2)
  2 leopard geckos
  7 orcs
  A giant cockroach (D:8)
  A quokka (D:9)
  A goblin skeleton (D:11)
  A hobgoblin zombie (D:11)
  7 kobolds
  A kobold skeleton (D:8)
  5 orc zombies (D:11)
  A rat (D:2)
  4 fungi
  10 plants
167 creatures vanquished.

Vanquished Creatures (others)
  3 slaves (D:7)
  A giant cockroach (D:1)
  22 fungi (Lair:6)
  35 plants
61 creatures vanquished.

Grand Total: 780 creatures vanquished

Notes
Turn   | Place    | Note
-------+----------+-------------------------------------------
     0 | D:1      | Zwobot the Mummy Necromancer began the quest for the Orb.
     0 | D:1      | Reached XP level 1. HP: 13/13 MP: 4/4
     2 | D:1      | Learned a level 1 spell: Animate Skeleton
   502 | D:1      | Reached XP level 2. HP: 20/20 MP: 4/6
   709 | D:1      | Reached skill level 1 in Fighting
  1247 | D:1      | Reached XP level 3. HP: 26/26 MP: 4/7
  1899 | D:1      | Learned a level 3 spell: Vampiric Draining
  2534 | D:2      | Reached XP level 4. HP: 21/33 MP: 2/9
  3181 | D:3      | Noticed Karim's ghost (weakling GnSu)
  3444 | D:3      | Noticed Sigmund
  3673 | D:3      | Reached XP level 5. HP: 39/39 MP: 7/11
  3684 | D:3      | Found a glowing silver altar of Zin.
  3893 | D:4      | Noticed an ogre
  4185 | D:4      | Found a sand-covered staircase.
  4195 | Ossuary  | Entered an ossuary
  4599 | Ossuary  | Reached skill level 5 in Necromancy
  5213 | D:4      | Noticed MordorOrchid's ghost (amateur FoFi)
  5479 | D:4      | Reached XP level 6. HP: 36/47 MP: 8/13
  5537 | D:4      | Learned a level 4 spell: Animate Dead
  5712 | D:5      | Entered Level 5 of the Dungeon
  5879 | D:5      | Reached skill level 5 in Spellcasting
  6049 | D:5      | Reached skill level 6 in Necromancy
  6049 | D:5      | Reached XP level 7. HP: 54/55 MP: 7/14
  6108 | D:5      | Found a shimmering altar of Xom.
  6145 | D:5      | Noticed Amnesiac's ghost (novice FoEE)
  6647 | D:4      | Found a deep blue altar of Sif Muna.
  6790 | D:5      | Reached skill level 5 in Fighting
  7106 | D:6      | Found a shattered altar of Ashenzari.
  7482 | D:6      | Reached XP level 8. HP: 56/63 MP: 9/17
  7626 | D:6      | Reached skill level 7 in Necromancy
  7850 | D:7      | Noticed Pikel
  7867 | D:7      | Killed Pikel
  8072 | D:7      | Found an opulent altar of Gozag.
  8166 | D:7      | Reached skill level 8 in Necromancy
  8534 | D:7      | Found a staircase to the Ecumenical Temple.
  8546 | Temple   | Entered the Ecumenical Temple
  8768 | Temple   | Became a worshipper of Kikubaaqudgha
  9264 | D:7      | Found a runed door.
  9312 | D:8      | Found Nimuturgh's Gadget Boutique.
  9493 | D:8      | Reached XP level 9. HP: 49/72 MP: 3/19
  9613 | D:8      | Learned a level 2 spell: Blink
  9632 | D:8      | Found a glowing golden altar of the Shining One.
  9644 | D:8      | Reached * piety under Kikubaaqudgha
  9644 | D:8      | Identified Kikubaaqudgha's Tome of Sinister Rituals (Kikubaaqudgha gifted it to you on level 8 of the Dungeon)
  9644 | D:8      | Received a gift from Kikubaaqudgha
  9652 | D:8      | Learned a level 2 spell: Corpse Rot
  9894 | D:8      | Noticed Erica
 10330 | D:8      | Reached skill level 9 in Necromancy
 10371 | D:8      | Reached skill level 1 in Evocations
 10502 | D:8      | Bought a wand of acid (9) for 260 gold pieces
 10774 | D:8      | Killed Erica
 11128 | D:8      | Reached skill level 5 in Evocations
 11253 | D:9      | Reached XP level 10. HP: 24/80 MP: 2/21
 11857 | D:9      | Learned a level 3 spell: Mephitic Cloud
 11861 | D:9      | Learned a level 3 spell: Conjure Flame
 11870 | D:9      | Noticed a two-headed ogre
 11880 | D:9      | Killed a two-headed ogre
 11880 | D:9      | Reached skill level 1 in Conjurations
 11880 | D:9      | Reached skill level 1 in Air Magic
 11880 | D:9      | Reached skill level 1 in Poison Magic
 12087 | D:9      | Reached ** piety under Kikubaaqudgha
 12574 | D:10     | Entered Level 10 of the Dungeon
 12696 | D:10     | Noticed a two-headed ogre
 12712 | D:10     | Killed a two-headed ogre
 12782 | D:10     | Found a staircase to the Lair.
 13399 | D:11     | Noticed a two-headed ogre
 13429 | D:11     | Killed a two-headed ogre
 13429 | D:11     | Reached XP level 11. HP: 41/87 MP: 7/23
 13473 | D:11     | Noticed a white ugly thing
 13484 | D:11     | Killed a white ugly thing
 13495 | D:11     | Noticed a two-headed ogre
 13512 | D:11     | Reached skill level 10 in Necromancy
 13608 | D:11     | Noticed a two-headed ogre
 13621 | D:11     | Killed a two-headed ogre
 13805 | D:11     | Noticed a sixfirhy
 14018 | D:11     | Killed a two-headed ogre
 14191 | D:11     | Noticed a two-headed ogre
 14198 | D:11     | Killed a two-headed ogre
 14222 | D:11     | Reached *** piety under Kikubaaqudgha
 14222 | D:11     | Identified Kikubaaqudgha's Papyrus of Evil Magic (Kikubaaqudgha gifted it to you on level 11 of the Dungeon)
 14222 | D:11     | Received a gift from Kikubaaqudgha
 14232 | D:11     | Learned a level 5 spell: Borgnjor's Vile Clutch
 14486 | D:11     | Found a staircase to the Orcish Mines.
 14578 | D:11     | Reached skill level 1 in Earth Magic
 14609 | D:11     | Found Litredo's Food Shop.
 14763 | D:11     | Noticed a two-headed ogre
 14771 | D:11     | Killed a two-headed ogre
 15242 | D:11     | Reached **** piety under Kikubaaqudgha
 15550 | D:11     | Learned a level 5 spell: Dispel Undead
 15670 | Orc:1    | Entered Level 1 of the Orcish Mines
 15725 | Lair:1   | Entered Level 1 of the Lair of Beasts
 15728 | Lair:1   | Noticed Nergalle
 15736 | Lair:1   | Killed Nergalle
 15870 | Lair:1   | Noticed Joseph
 15892 | Lair:1   | Killed Joseph
 15892 | Lair:1   | Reached skill level 10 in Spellcasting
 15953 | Lair:1   | Reached skill level 5 in Earth Magic
 15953 | Lair:1   | Reached XP level 12. HP: 95/95 MP: 7/26
 16045 | Lair:1   | Reached skill level 11 in Necromancy
 16452 | Lair:1   | Noticed Grum
 16458 | Lair:1   | Killed Grum
 17109 | Lair:2   | Found a dark tunnel.
 17114 | Volcano  | Entered a volcano
 17165 | Volcano  | Found a bloodstained altar of Trog.
 17171 | Volcano  | Noticed a red draconian
 17177 | Volcano  | Reached skill level 10 in Fighting
 17212 | Volcano  | Killed a red draconian
 17613 | Lair:2   | Found a staircase to the Swamp.
 17655 | Lair:2   | Found a staircase to the Snake Pit.
 17853 | Lair:2   | Reached skill level 12 in Necromancy
 19427 | Lair:4   | Noticed a death yak
 19427 | Lair:4   | Noticed a death yak
 19438 | Lair:4   | Killed a death yak
 19439 | Lair:4   | Killed a death yak
 19654 | Lair:4   | Gained mutation: You are in touch with the powers of death. [Mummy growth]
 19654 | Lair:4   | Reached XP level 13. HP: 104/104 MP: 28/28
 20136 | Lair:5   | Found a viscous altar of Jiyva.
 20136 | Lair:5   | Found a staircase to the Slime Pits.
 20242 | Lair:5   | Found a frozen archway.
 20261 | IceCv    | Entered an ice cave
 20456 | IceCv    | Reached skill level 13 in Necromancy
 21879 | Lair:5   | Noticed Nessos
 21891 | Lair:5   | Killed Nessos
 22650 | Lair:6   | Entered Level 6 of the Lair of Beasts
 22890 | Lair:6   | Reached skill level 14 in Necromancy
 22909 | Lair:6   | Reached skill level 1 in Staves
 23188 | Lair:6   | Reached ***** piety under Kikubaaqudgha
 23572 | Lair:6   | Reached XP level 14. HP: 81/111 MP: 6/30
 23936 | Lair:6   | Found a radiant altar of Vehumet.
 24784 | Lair:6   | Reached skill level 15 in Necromancy
 24991 | Lair:6   | Got a steaming ivory amulet
 24992 | Lair:6   | Identified the amulet "Abenuk" {Reflect Str+4 Dex+4 SH+3} (You found it on level 6 of the Lair of Beasts)
 25593 | D:12     | Reached skill level 1 in Armour
 25706 | D:12     | Found a runed door.
 26389 | D:12     | Reached ****** piety under Kikubaaqudgha
 26559 | Lair:1   | Quit the game

Vault maps used:
D:1:      dpeg_arrival_brainrot, lemuel_flame_loot_1
D:3:      zin_scriptorium, serial_forest, infiniplex_forest_clump_curved,
          infiniplex_forest_lined_2, infiniplex_forest_clump_small,
          infiniplex_forest_clump_curved, infiniplex_forest_straight_2,
          infiniplex_forest_straight_4, infiniplex_forest_join,
          infiniplex_forest_clump_medium, infiniplex_forest_end_2,
          infiniplex_forest_straight_4, uniq_sigmund
D:4:      first_ration, lightli_ossuary_entry_decrepit_ruins, tgw_sif
D:5:      lemuel_doored_altar
D:6:      cheibrodos_ashenzari_chains
D:7:      grunt_gozag_statues, minmay_temple_entry_nine_rooms, uniq_pikel,
          uniq_crazy_yiuf_cottage
D:8:      nicolae_tso_besieged_by_evil, serial_shops, shop_statue,
          grunt_livestock, uniq_erica
D:10:     lair_entry_dummy
D:11:     zombieorc2_lemuel, special_room, serial_shops, shop, st_stairs_4
D:12:     lightli_airlock
Temple:   dpeg_five_rooms_temple
Lair:1:   serial_bayou_pond_d, uniq_grum, uniq_joseph, uniq_nergalle
Lair:2:   swamp_mist_pool, minmay_snake_entry_six_corridors, enter_volcano_4,
          beast_lair_carwin_5
Lair:3:   minivault_26, grunt_megastairs_5, infiniplex_staircase_pool_2
Lair:5:   slime_altar_1, portal_ice_cave_demonic_guard, guppyfry_lair_drakes,
          uniq_nessos
Lair:6:   hangedman_lair_tendril_chambers, hangedman_lair_caniforms_friends,
          basic_altar, minmay_lair_oklob_chamber
Orc:1:    uniq_snorg, uniq_gastronok
Ossuary:  ossuary_tomb_1
IceCv:    ice_cave_small_dragons
Volcano:  kennysheep_volcano_temple

Skill      XL: |  1  2  3  4  5  6  7  8  9 10 11 12 13 14 |
---------------+-------------------------------------------+-----
Spellcasting   | 3 4 5 6 7 8 10 11 12 13 | 13.7
Fighting       | 1 2 3 4 5 7 8 9 10 | 10.4
Necromancy     | 5 6 8 9 10 12 14 15 | 15.3
Evocations     | 5 |  5.1
Conjurations   | 3 |  3.3
Air Magic      | 3 |  3.3
Poison Magic   | 3 |  3.3
Earth Magic    | 5 7 |  7.0
Staves         | 2 4 |  4.3
Armour         | 2 |  2.8
Dodging        | |  1.5
Stealth        | |  1.5

Action                   |  1- 3 |  4- 6 |  7- 9 | 10-12 | 13-15 || total
-------------------------+-------+-------+-------+-------+-------++-------
Melee: Dagger            |    22 |    21 |       |       |       ||    43
       Flail             |       |   115 |   144 |   319 |       ||   578
       Quarterstaff      |       |       |       |   100 |   366 ||   466
Throw: Stone             |     5 |    11 |     1 |     1 |       ||    18
 Cast: Pain              |    97 |   101 |   158 |   118 |    40 ||   514
       Animate Skeleton  |     1 |    23 |    25 |    48 |    43 ||   140
       Vampiric Draining |     1 |     7 |    34 |    26 |    28 ||    96
       Animate Dead      |       |     1 |     6 |    27 |    22 ||    56
       Conjure Flame     |       |       |       |    32 |     7 ||    39
       Mephitic Cloud    |       |       |       |    14 |       ||    14
       Corpse Rot        |       |       |       |    10 |     1 ||    11
       Borgnjor's Vile C |       |       |       |    43 |    97 ||   140
       Blink             |       |       |       |     2 |       ||     2
       Dispel Undead     |       |       |       |       |     2 ||     2
Invok: Receive Corpses   |       |       |     2 |    19 |    10 ||    31
Evoke: Wand              |       |       |     4 |    29 |    11 ||    44
  Use: Scroll            |       |     9 |     5 |     7 |     8 ||    29
 Stab: Sleeping          |     2 |     4 |     1 |     2 |     1 ||    10
       Distracted        |       |     1 |     1 |       |     4 ||     6
       Paralysed         |       |       |     7 |    19 |     3 ||    29
       Confused          |       |       |       |     1 |       ||     1
Armor: Leather armour    |     8 |    79 |    68 |    24 |   123 ||   302
       Robe              |       |       |     6 |       |       ||     6
       Troll leather arm |       |       |       |   130 |       ||   130
       Fire dragon scale |       |       |       |     5 |    92 ||    97
Dodge: Dodged            |    17 |   141 |   202 |   432 |   271 ||  1063
Block: Other             |       |       |       |       |    11 ||    11
       Reflection        |       |       |       |       |     1 ||     1

Table legend:
 A = Spawn XP
 B = Non-spawn XP
 C = Spawn XP percentage of total XP
 D = Spawn monster count
 E = Non-spawn monster count
 F = Spawn count percentage of total count
 G = Total turns spent on level
                    A         B        C        D         E        F      G
               +---------+---------+-------+---------+---------+-------+---------
         Total |       0 |   87083 |   0.0 |       0 |     695 |   0.0 | 26559
               +---------+---------+-------+---------+---------+-------+---------
           D:1 |       0 |      50 |   0.0 |       0 |      23 |   0.0 |  2000
           D:2 |       0 |      95 |   0.0 |       0 |      30 |   0.0 |  1149
           D:3 |       0 |     101 |   0.0 |       0 |      22 |   0.0 |   927
           D:4 |       0 |     439 |   0.0 |       0 |      15 |   0.0 |  1644
           D:5 |       0 |     426 |   0.0 |       0 |      18 |   0.0 |   742
           D:6 |       0 |     360 |   0.0 |       0 |      13 |   0.0 |   626
           D:7 |       0 |    1196 |   0.0 |       0 |      12 |   0.0 |  1559
           D:8 |       0 |    2758 |   0.0 |       0 |      50 |   0.0 |  1950
           D:9 |       0 |    3132 |   0.0 |       0 |      54 |   0.0 |  1104
          D:10 |       0 |    1488 |   0.0 |       0 |      15 |   0.0 |  1031
          D:11 |       0 |    9448 |   0.0 |       0 |     100 |   0.0 |  2227
          D:12 |       0 |    8685 |   0.0 |       0 |      58 |   0.0 |  1057
        Lair:1 |       0 |    3994 |   0.0 |       0 |      18 |   0.0 |   829
        Lair:2 |       0 |    4789 |   0.0 |       0 |      31 |   0.0 |  1253
        Lair:3 |       0 |    3700 |   0.0 |       0 |      16 |   0.0 |  1060
        Lair:4 |       0 |    3100 |   0.0 |       0 |      10 |   0.0 |   890
        Lair:5 |       0 |    9745 |   0.0 |       0 |      29 |   0.0 |  1513
        Lair:6 |       0 |   25921 |   0.0 |       0 |     128 |   0.0 |  2509
       Ossuary |       0 |      45 |   0.0 |       0 |      25 |   0.0 |   615
         IceCv |       0 |    4505 |   0.0 |       0 |      20 |   0.0 |  1161
       Volcano |       0 |    3106 |   0.0 |       0 |       8 |   0.0 |   453
               +---------+---------+-------+---------+---------+-------+---------
